Map: Frozen Temple

Players

GroSC - Winner!

  • Race: Terran Terran
  • League: Diamond

blackxored

  • Race: Zerg Zerg
  • League: Diamond

VOD

Have the link to the VOD?

Description

Time

  • Played on: June 30, 2016, 9:31 a.m.
  • Length: 17:37
Show
View Real Time Build Order
Export as new Build Order

GroSC Terran - Winner!

Build Orders: Reaper Expand, MMM Bio 

Get SALT Encoding   

  12  0:00  SCV  
  13  0:13  SCV  
  14  0:18  Supply Depot  
  14  0:25  SCV  
  15  0:40  SCV  
  15  0:42  Barracks  
  16  0:46  Refinery  
  16  0:52  SCV  
  17  1:04  SCV  
  18  1:16  SCV  
  19  1:29  Orbital Command  
  19  1:31  Reaper  
  20  1:43  Command Center  
  20  1:53  Supply Depot  
  20  1:55  SCV  
  21  2:03  Marine  
  21  2:07  SCV  
  23  2:12  Factory  
  23  2:17  Refinery  
  23  2:20  SCV  
  24  2:29  Barracks Reactor  
  24  2:34  SCV  
  25  2:53  SCV  
  25  2:58  Orbital Command  
  25  3:02  Hellion  
  27  3:06  Barracks, SCV  
  27  3:07  Starport  
  27  3:11  Marine x2  
  30  3:18  SCV  
  31  3:24  SCV  
  32  3:27  Factory Tech Lab  
  32  3:29  Marine x2  
  32  3:30  SCV  
  35  3:36  SCV  
  35  3:37  Supply Depot  
  36  3:42  SCV  
  36  3:46  Siege Tank  
  36  3:48  SCV  
  41  3:50  Starport Reactor  
  41  3:52  Marine x2  
  41  3:55  SCV  
  44  4:01  Supply Depot  
  44  4:02  SCV  
  45  4:04  Barracks Tech Lab  
  45  4:07  SCV  
  46  4:14  SCV  
  45  4:19  Marine x2, SCV  
  45  4:20  Widow Mine  
  45  4:23  Marine, Stimpack  
  51  4:29  Supply Depot, SCV  
  51  4:31  SCV  
  53  4:39  Command Center  
  53  4:42  SCV  
  53  4:44  Marine, Medivac x2  
  59  4:46  Marine  
  60  4:53  Supply Depot  
  60  5:05  SCV  
  62  5:07  Marine x3, SCV  
  62  5:14  Refinery x2  
  65  5:15  Engineering Bay x2  
  65  5:17  SCV  
  65  5:19  SCV  
  67  5:24  Supply Depot  
  67  5:28  Marine x2, Marauder  
  70  5:29  SCV  
  70  5:31  SCV  
  70  5:32  Medivac  
  70  5:33  Medivac  
  77  5:41  SCV  
  78  5:46  SCV  
  79  5:53  SCV  
  79  5:55  Marine  
  79  5:56  Marine, Widow Mine  
  82  6:01  Terran Infantry Weapons Level 1, Terran Infantry Armor Level 1  
  82  6:04  Supply Depot  
  81  6:14  Orbital Command  
  81  6:15  SCV x2  
  83  6:21  Barracks  
  83  6:24  Combat Shields  
  83  6:26  Barracks x2  
  83  6:27  Barracks, SCV  
  83  6:28  SCV  
  83  6:32  Missile Turret  
  85  6:33  Missile Turret  
  85  6:37  Marine x3  
  85  6:38  Widow Mine  
  90  6:43  Missile Turret  
  90  6:54  Marine  
  90  6:55  Marine, Medivac, Marauder  
  96  7:01  SCV x3  
  97  7:13  SCV  
  97  7:15  SCV x2  
  89  7:16  Barracks Reactor x2, Barracks Tech Lab  
  89  7:17  Barracks Reactor, Widow Mine  
  91  7:23  Armory  
  91  7:25  SCV  
  91  7:27  Marine x3, SCV x2  
  91  7:28  Medivac  
  99  7:36  Supply Depot x2  
  99  7:37  SCV  
  99  7:39  SCV  
  99  7:40  SCV  
  99  7:42  Marine  
  103  7:45  Marine x2  
  103  7:50  SCV  
  99  7:58  Liberator x2  
  98  8:02  SCV x3  
  98  8:03  Marine x6, Marauder  
  98  8:04  Marine x3, Widow Mine  
  114  8:14  SCV x3  
  123  8:21  Marine x2  
  123  8:22  Terran Infantry Armor Level 2, Terran Infantry Weapons Level 2  
  123  8:24  Marine, Marauder  
  114  9:07  Marine x3  
  114  9:08  Marine x4, Marauder, Widow Mine  
  114  9:09  Medivac  
  125  9:29  Marine x4, Marauder x2  
  133  9:34  Marine  
  133  9:35  Marine  
  133  9:36  Marine  
  133  9:37  Marine  
  130  9:43  Medivac  
  132  9:46  Marine  
  132  9:47  Supply Depot  
  132  9:48  Command Center  
  132  9:49  Marine x3, Medivac, Command Center  
  132  9:50  Marine, Marauder  
  137  9:53  Supply Depot  
  137  9:55  Supply Depot  
  137  9:58  Supply Depot  
  137  10:00  Marine  
  137  10:01  Marine x3, Widow Mine  
  137  10:04  Marine  
  142  10:08  Marauder  
  142  10:12  Marine x2  
  142  10:13  Marine, Medivac, Marauder  
  151  10:18  Marine x2  
  151  10:19  Medivac  
  155  10:22  Marine  
  155  10:23  Marine  
  154  10:30  Marauder  
  146  11:01  Marine x5, Marauder  
  146  11:02  Marine x4, Widow Mine  
  146  11:03  Medivac x2  
  163  11:22  Command Center  
  152  11:31  Marine x8, Marauder  
  152  11:32  Marine  
  146  11:33  Medivac  
  148  11:40  Widow Mine  
  150  11:48  Marine  
  150  11:49  Marine x2  
  150  11:50  Marauder  
  153  12:06  Marine x2, Marauder  
  143  12:10  Marine x3  
  143  12:11  Marine x2, Marauder  
  142  12:28  Marauder  
  120  12:33  Marine x3  
  120  12:34  Marauder  
  107  12:46  Marine  
  110  12:59  Terran Infantry Weapons Level 3  
  110  13:00  Orbital Command  
  107  13:09  Command Center  
  107  13:13  Terran Infantry Armor Level 3  
  107  13:21  Marine x2, Marauder x2  
  107  13:25  Medivac x2  
  117  13:28  Marine  
  116  13:41  Marine x3  
  116  13:43  Marauder  
  116  13:44  Orbital Command  
  121  13:53  Marine x3  
  121  13:54  Marine x2, Marauder, Widow Mine  
  130  13:57  Missile Turret  
  130  13:59  Marine  
  129  14:09  Marine x2, Marauder  
  133  14:10  Medivac x2  
  133  14:15  Marauder  
  139  14:20  Marine x2  
  139  14:21  Marine x3  
  139  14:22  Concussive Shells  
  144  14:31  Marauder  
  146  14:37  Missile Turret  
  146  14:44  Marine x4, Marauder  
  146  14:45  Marine x4, Widow Mine  
  156  14:46  Medivac  
  156  14:52  Marauder  
  97  15:46  Planetary Fortress  
  97  15:49  SCV x2  
  99  16:01  Medivac x2, SCV x2  
  99  16:03  Missile Turret  
  104  16:16  Marine x2  
  104  16:17  Marine x3, Marauder  
  108  16:31  Medivac  
  109  16:38  Marine x7, Marauder  
  109  16:39  Marine x2, Medivac, Widow Mine  
  123  16:56  Marine x9  
  123  17:00  Marauder  
  134  17:01  Medivac  
  134  17:07  Widow Mine  
  133  17:13  Marine  
  133  17:14  Marine x2  
  133  17:15  Marauder  
Show
View Real Time Build Order
Export as new Build Order

blackxored Zerg 

Build Orders: Hatch First 

Get SALT Encoding   

  12  0:01  Drone  
  13  0:11  Drone  
  14  0:17  Overlord  
  14  0:25  Extractor  
  14  0:26  Drone  
  15  0:37  Drone x2  
  17  0:54  Hatchery  
  17  0:56  Drone  
  17  1:00  Drone  
  18  1:11  Extractor  
  17  1:15  Spawning Pool  
  17  1:18  Drone  
  17  1:21  Drone  
  18  1:27  Drone  
  19  1:39  Overlord  
  19  1:49  Drone  
  20  2:01  Queen  
  20  2:03  Zergling x2  
  20  2:06  Zergling x2  
  24  2:11  Queen  
  26  2:16  Metabolic Boost  
  26  2:20  Zergling x2  
  27  2:37  Queen  
  29  2:46  Hatchery  
  27  2:59  Pneumatized Carapace  
  27  3:04  Drone x3  
  27  3:05  Drone x2  
  32  3:09  Overlord  
  32  3:22  Drone  
  32  3:23  Drone x2  
  35  3:30  Drone  
  35  3:31  Drone x2  
  35  3:33  Overlord  
  38  3:46  Drone x4  
  38  3:48  Drone  
  43  3:51  Overlord  
  43  4:03  Zergling x10  
  48  4:23  Queen x2  
  48  4:24  Queen  
  54  4:35  Drone x7  
  54  4:36  Drone x3  
  64  4:52  Zergling x2  
  65  4:54  Overlord x2  
  65  5:17  Drone x8  
  73  5:22  Extractor, Drone x2  
  73  5:23  Extractor x3  
  71  5:29  Queen x3  
  71  5:34  Extractor, Zergling x2  
  71  5:35  Zergling x10  
  82  5:38  Overlord x4  
  82  5:43  Baneling Nest, Drone  
  79  5:58  Drone x4  
  85  6:18  Hatchery  
  85  6:19  Drone  
  85  6:20  Drone  
  84  6:26  Drone x2, Hatchery  
  84  6:27  Drone x2  
  84  6:30  Spore Crawler  
  84  6:32  Lair  
  84  6:33  Drone  
  84  6:34  Drone x3  
  88  6:40  Evolution Chamber  
  88  6:41  Drone x2, Evolution Chamber  
  85  6:53  Zergling x6  
  86  7:01  Zergling x12  
  86  7:18  Drone x2  
  86  7:19  Drone x4  
  92  7:23  Drone  
  93  7:30  Zerg Melee Weapons Level 1, Centrifical Hooks, Zerg Ground Armor Level 1  
  93  7:34  Drone x4  
  97  7:40  Zergling x6  
  97  7:41  Zergling x4  
  100  7:56  Zergling x10  
  101  8:03  Overlord x6  
  100  8:16  Zergling x2  
  101  8:20  Spire  
  100  8:29  Zergling x26  
  100  8:30  Zergling x2  
  100  8:33  Baneling x7  
  100  8:34  Baneling x2  
  107  8:42  Zergling x24  
  110  9:00  Zergling x28  
  124  9:11  Drone x9  
  133  9:22  Queen  
  130  9:30  Zergling x8  
  134  9:31  Zerg Ground Armor Level 2, Zerg Melee Weapons Level 2  
  134  9:32  Overlord x2  
  134  9:33  Overlord x4  
  134  9:37  Overseer  
  130  9:40  Extractor x2  
  130  9:43  Drone x4  
  130  9:44  Drone  
  133  10:03  Zergling x20  
  143  10:09  Zergling x8  
  143  10:10  Zergling x2  
  143  10:13  Hatchery  
  147  10:15  Mutalisk x2  
  147  10:16  Mutalisk x6  
  147  10:46  Baneling x14  
  147  10:47  Zergling x28, Baneling x5  
  147  10:48  Zergling x2  
  141  10:57  Corruptor x7  
  134  10:58  Corruptor  
  137  11:16  Zergling x16  
  111  11:31  Zergling x2  
  111  11:32  Zergling x18  
  109  11:35  Overseer  
  109  11:36  Baneling x10, Overseer  
  109  11:45  Zergling x12  
  111  12:03  Zergling x2  
  111  12:04  Zergling x20  
  117  12:20  Zergling x22  
  117  12:21  Zergling x6  
  105  12:33  Zergling x18  
  98  12:42  Zergling x2  
  98  12:43  Zergling x4  
  99  12:48  Mutalisk x2  
  100  12:59  Baneling  
  100  13:00  Baneling x15  
  100  13:06  Zergling x2  
  100  13:07  Zergling x6  
  104  13:16  Overseer  
  103  13:33  Overseer  
  103  13:38  Zergling x12  
  103  13:39  Zergling x14  
  103  13:40  Zergling x4  
  119  13:48  Drone x3  
  119  13:49  Drone x2  
  119  13:52  Extractor, Drone  
  119  13:53  Extractor  
  119  13:54  Drone  
  123  13:56  Drone  
  123  14:10  Infestation Pit  
  123  14:13  Hatchery  
  121  14:20  Zergling x6  
  121  14:21  Zergling x2  
  121  14:22  Baneling  
  121  14:23  Baneling  
  121  14:24  Baneling  
  125  14:25  Baneling  
  125  14:26  Baneling  
  125  14:27  Baneling  
  125  14:34  Drone  
  125  14:35  Drone x3  
  121  14:50  Zergling x12  
  121  14:51  Zergling x6  
  130  15:01  Baneling x13  
  130  15:02  Baneling  
  112  15:25  Zergling x2  
  112  15:26  Zergling x26  
  90  15:36  Zergling x14  
  97  15:44  Zergling x4  
  97  15:45  Zergling x8  
  102  15:52  Baneling x3  
  102  15:53  Baneling x7  
  102  15:54  Baneling  
  102  16:03  Zergling x4  
  101  16:06  Baneling  
  101  16:08  Baneling x3  
  101  16:16  Extractor  
  101  16:17  Extractor  
  99  16:20  Zergling x12  
  99  16:24  Zergling x2  
  99  16:25  Zergling x2  
  98  16:41  Zergling x16  
  98  16:42  Zergling x2  
  105  16:53  Hatchery  
  94  17:04  Zergling x8  
  94  17:05  Zergling x4  
  91  17:14  Zergling x8  
Tags
 
Add a new tag
Caveats
  • Supply blocks, unpowered buildings, or Contaminate may cause inaccurate times.
  • Supply counts are checked every 10 seconds.